 Dungeon Crawl Stone Soup version 0.31-a0-716-gc7603755dd (webtiles) character file.

Game seed: 8528403642108336808

53 Descartes the Charlatan (level 3, 0/19 HPs)
             Began as a Deep Elf Wanderer on Sept 10, 2023.
             Slain by Pargi (1 damage)
             ... on level 2 of the Dungeon.
             The game lasted 00:04:01 (2490 turns).

Descartes the Charlatan (Deep Elf Wanderer)         Turns: 2490, Time: 00:04:02

Health: 0/19       AC:  3    Str:  8    XL:     3   Next: 64%
Magic:  1/9        EV: 11    Int: 19    God:
Gold:   79         SH:  0    Dex: 14    Spells: 7/8 levels left

rFire   . . .        e - +0 rapier
rCold   . . .        (no shield)
rNeg    . . .        d - +0 robe
rPois   .            (no helmet)
rElec   .            m - +0 cloak
rCorr   .            (no gloves)
SInv    .            (no boots)
Will    .....        (no amulet)
Stlth   +            (no ring)
HPRegen 0.23/turn    (no ring)
MPRegen 0.11/turn

%: no passive effects
@: attractive
A: no striking features
a: no special abilities


You were on level 2 of the Dungeon.
You visited 1 branch of the dungeon, and saw 3 of its levels.

You collected 79 gold pieces.

Inventory:

Hand Weapons
 e - a +0 rapier (weapon)
Armour
 d - a +0 robe (worn)
 m - a +0 cloak (worn)
Wands
 b - a wand of flame (4)
Scrolls
 a - a scroll of butterflies {unknown}
 i - a scroll of silence {unknown}
 n - a scroll of teleportation {unknown}
 o - a scroll of fear {unknown}
 p - 2 scrolls of identify {unknown}
Potions
 c - a potion of curing
 f - 2 potions of degeneration {unknown}
 g - a potion of might {unknown}
 h - a potion of attraction
 j - a potion of resistance {unknown}
 k - a potion of cancellation {unknown}
 l - a potion of enlightenment {unknown}


   Skills:
 - Level 3.0 Short Blades
 + Level 0.7 Shields
 + Level 3.4 Spellcasting
 + Level 1.0 Conjurations
 * Level 2.8 Fire Magic
 + Level 1.2 Poison Magic
 + Level 3.7 Evocations


You had 7 spell levels left.
You knew the following spells:

 Your Spells              Type           Power      Damage    Failure   Level
a - Foxfire               Conj/Fire      40%        2x1d6     7%          1

Your spell library contained the following spells:

 Spells                   Type           Power      Damage    Failure   Level
 Ignite Poison            Fire/Tmut/Pois 8%         N/A       26%         3
 Sticky Flame             Conj/Fire      10%        2d3       54%         4


Dungeon Overview and Level Annotations

Branches:
Dungeon (3/15)

Altars:

Shops:
D:1 (

Annotations:
D:2 Pargi


Message History

Unknown command.
Unknown command.
Casting: Foxfire (safe; 7% risk of failure)
Confirm with . or Enter, or press ? or * to list all spells.
You conjure some foxfire!
The foxfire hits Pargi.
Pargi is moderately wounded.
The foxfire hits Pargi.
Pargi is moderately wounded.
The foxfire hits Pargi.
Pargi is heavily wounded.
Pargi misses you. Pargi claws you. Pargi closely misses you.
Casting: Foxfire (safe; 7% risk of failure)
Confirm with . or Enter, or press ? or * to list all spells.
You don't have enough magic to cast this spell.
Unknown command.
Casting: Foxfire (safe; 7% risk of failure)
Confirm with . or Enter, or press ? or * to list all spells.
You don't have enough magic to cast this spell.
Unknown command.
Pargi attacks as he pursues you! Pargi bites you but does no damage.
Pargi claws you but does no damage. Pargi barely misses you.
Found an escape hatch in the ceiling.
Pargi attacks as he pursues you! Pargi bites you. Pargi closely misses you.
Pargi claws you but does no damage. Pargi attacks as he pursues you!
Pargi closely misses you. Pargi claws you but does no damage. Pargi claws you.
Found a scroll labelled JIWANI BUAMUOPT.
A kobold comes into view. It is wielding a +0 whip.
Pargi attacks as he pursues you! Pargi bites you.
* * * LOW HITPOINT WARNING * * *
Pargi closely misses you. x2
There is an escape hatch in the ceiling here.
Pargi completely misses you. Pargi barely misses you. x2
A mysterious force pulls you upwards. The hatch slams shut behind you.
It was a potion of attraction.
You feel attractive to monsters. Pargi bites you.
* * * LOW HITPOINT WARNING * * *
Pargi misses you. Pargi claws you.
You die...

#..P.P#P...# #.# #.#.#.#
...#.##.PP.♣# #.# #.#.#.#
...#.#..~~._# #.# #.#.#.#
...#P.#.~P[♣# #.# #.#.#.#
...##P#P...####.# #.#.#.#
.....###..P##...##### #.#.#.#
..#######P###.......# #.....#
..###...#####...###.# ###.###
..'.'....>'.....@...########.#
..###.....#......T.#.........#
..#
#.....#........#.############
..#
#.....#........#.##..........
###
#####.#........#.##.#########
###### #.#........#.##.# #
.....# #.##########.##.# #
####.####.##########.##.# #
...#.##............#.##.# #


You could see Pargi.

Vanquished Creatures
  5 dart slugs
  3 ball pythons
  3 endoplasms
  A giant cockroach (D:2)
  3 goblins
  6 hobgoblins
  3 kobolds (D:1)
  4 quokkas
  5 bats
  4 frilled lizards (D:1)
  2 rats
39 creatures vanquished.

Vanquished Creatures (others)
  173 foxfires
173 creatures vanquished.

Grand Total: 212 creatures vanquished

Notes
Turn   | Place    | Note
-------+----------+-------------------------------------------
     0 | D:1      | Descartes the Deep Elf Wanderer began the quest for the
                  | Orb.
     0 | D:1      | Descartes set off with the following items: a +0 short
                  | sword, a wand of flame (4), a potion of curing, a +0 robe;
                  | and the following spell memorised: Foxfire; and the
                  | following spells available to memorise: Ignite Poison,
                  | Sticky Flame.
     0 | D:1      | Reached XP level 1. HP: 10/10 MP: 6/6
   301 | D:1      | Reached XP level 2. HP: 15/15 MP: 6/8
   399 | D:1      | Found Toano's Antique Weapon Emporium.
   991 | D:1      | Reached skill level 1 in Poison Magic
  1161 | D:1      | Reached XP level 3. HP: 19/19 MP: 6/9
  1457 | D:2      | Reached skill level 1 in Conjurations
  1804 | D:2      | Found a faded altar of an unknown god.
  2474 | D:3      | Noticed Pargi
  2490 | D:2      | Slain by Pargi

Illustrated notes

Levels and vault maps discovered:
D:1:      scummos_arrival_checkerplants, layout_loops_corners, serial_shops,
          nicolae_shop_gibbet_a_chance
D:2:      layout_basic, dreamdust_ecumenical_altar_hidden_monk_grotto,
          serial_bayou_lagoon_a
D:3:      layout_loops_ring, serial_bayou, serial_bayou_crossing,
          serial_bayou_pond_a, serial_bayou_pond_d, serial_bayou_pond_e,
          grunt_decor_mini_mirrors, uniq_crazy_yiuf_cottage, uniq_pargi,
          uniq_robin

Skill      XL: |  1  2  3 |
---------------+----------+-----
Poison Magic   | 1 |  1.2
Conjurations   | 1 |  1.0
Short Blades   | |  3.0
Shields        | |  0.7
Spellcasting   | |  3.4
Fire Magic     | |  2.8
Evocations     | |  3.7

Action                     || total
---------------------------++-------
  Melee: Rapier            ||     1
   Cast: Foxfire           ||   106
    Use: Potion            ||     1
 Armour: Robe              ||    19
  Dodge: Dodged            ||    18

Table legend: (Time is in decaauts)
 A = Elapsed time spent in this place.
 B = Non-inter-level travel time spent in this place.
 C = Inter-level travel time spent in this place.
 D = Time resting spent in this place.
 E = Time spent auto-exploring this place.
 F = Levels seen in this place.
 G = Mean time per level.
                   A        B        C        D        E       F      G
               +--------+--------+--------+--------+--------+-----+--------+
         Total |   2496 |   2453 |     43 |      0 |   2163 |   3 |  832.0 |
       Dungeon |   2496 |   2453 |     43 |      0 |   2163 |   3 |  832.0 |
               +--------+--------+--------+--------+--------+-----+--------+

Top non-repeatable levels by time:
     D:1: 1250 daAuts
     D:2: 1184 daAuts
     D:3: 61 daAuts
